 Dungeon Crawl Stone Soup version 0.28-a0-1199-gef9e1dbd39 (webtiles) character file.

Game seed: 14642051151938933910

1712 DoubleLucky the Thaumaturge (level 8, -6/46 HPs)
             Began as a Deep Elf Fire Elementalist on Dec 19, 2021.
             Mangled by a yak (15 damage)
             ... on level 6 of the Dungeon.
             The game lasted 00:24:00 (6118 turns).

DoubleLucky the Thaumaturge (DEFE)                  Turns: 6118, Time: 00:24:01

Health: -6/46      AC:  6    Str:  7    XL:     8   Next: 74%
Magic:  21/23      EV: 13    Int: 21    God:
Gold:   258        SH:  0    Dex: 19    Spells: 15/25 levels left

rFire   x . .      SeeInvis .   B - +0 dagger (speed)
rCold   + . .      Faith    .   (no shield)
rNeg    . . .      Spirit   .   w - +2 robe "Viell" {rPois rF- rC+ Dex+4}
rPois   +          Reflect  .   s - +0 helmet
rElec   .          Harm     .   t - +0 cloak
rCorr   .          Rampage  .   (no gloves)
Will    .....                   (no boots)
Stlth   ++........              u - amulet of magic regeneration
HPRegen 0.15/turn               (no ring)
MPRegen 0.58/turn               (no ring)

@: no status effects
A: no striking features
a: no special abilities


You were on level 6 of the Dungeon.
You visited 1 branch of the dungeon, and saw 6 of its levels.
You also visited: Sewer.

You collected 258 gold pieces.

Inventory:

Hand Weapons
 B - a +0 dagger of speed (weapon)
Missiles
 b - 14 poisoned darts
 c - 153 stones
 j - a curare-tipped dart
Armour
 a - a +0 robe
 s - a +0 helmet (worn)
 t - a +0 cloak (worn)
 w - the +2 robe "Viell" (worn) {rPois rF- rC+ Dex+4}
   (You found it on level 4 of the Dungeon)

   Dex:       It affects your dexterity (+4).
   rF:        It makes you vulnerable to fire.
   rC:        It protects you from cold.
   rPois:     It protects you from poison.
Jewellery
 u - an amulet of magic regeneration (around neck)
Wands
 g - a wand of digging (4)
Scrolls
 e - a scroll of brand weapon
 h - 3 scrolls of enchant weapon
 i - a scroll of summoning
 k - 2 scrolls of blinking {unknown}
 o - a scroll of teleportation {unknown}
 r - a scroll of amnesia {unknown}
 x - 2 scrolls of identify
 y - a scroll of acquirement {unknown}
Potions
 d - a potion of brilliance
 f - a potion of mutation {unknown}
 l - a potion of magic {unknown}
 m - a potion of heal wounds {unknown}
 n - 2 potions of cancellation {unknown}
 p - 3 potions of haste {unknown}
 q - a potion of might {unknown}
 v - 2 potions of flight {unknown}


   Skills:
 + Level 3.1 Fighting
 - Level 2.4 Dodging
 - Level 2.4 Stealth
 + Level 9.0 Spellcasting
 + Level 5.5 Conjurations
 + Level 7.8 Fire Magic


You had 15 spell levels left.
You knew the following spells:

 Your Spells              Type           Power      Damage    Failure   Level
a - Foxfire               Conj/Fire      100%       2x1d9     1%          1
b - Scorch                Fire           84%        2d9       1%          2
c - Inner Flame           Hex/Fire       25%        N/A       4%          3
d - Flame Wave            Conj/Fire      37%        2d7       4%          4

Your spell library contained the following spells:

 Spells                   Type           Power      Damage    Failure   Level
 Conjure Flame            Conj/Fire      37%        6-21      1%          3
 Animate Skeleton         Necr           18%        N/A       7%          1
 Apportation              Tloc           18%        N/A       7%          1
 Alistair's Intoxication  Tmut/Pois      6%         N/A       89%         5


Dungeon Overview and Level Annotations

Branches:
Dungeon (6/15)              Sewer (visited)
 Temple: D:4-7

Altars:
Elyvilon
Makhleb
Wu Jian

Annotations:
D:5 3 runed translucent doors, exclusion: steam dragon, ChaosChampion's ghost, amateur OpTm


Message History

The foxfire hits the yak!
The yak is severely wounded.
The foxfire hits the yak.
The yak is almost dead.
The yak misses you.
Casting: Foxfire (safe; 1% risk of failure)
Confirm with . or Enter, or press ? or * to list all spells.
Flames lash the yak.
The yak is moderately wounded.
The yak's fire resistance burns away.
The yak gores you!
Casting: Scorch (safe; 1% risk of failure)
Confirm with . or Enter, or press ? or * to list all spells.
You conjure some foxfire!
The yak gores you!
* * * LOW HITPOINT WARNING * * *
The foxfire hits the yak.
You kill the yak!
Your Fighting skill increases to level 3!
Your Spellcasting skill increases to level 9!
Your foxfire dissipates!
The yak gores you!
* * * LOW HITPOINT WARNING * * *
You see here a +0 hand axe.
Things that are here:
a +0 dagger; a +0 robe; an orc corpse You see here an iguana corpse.
Items here: )) [ †.
You hear the hiss of a distant avalanche of sand.
There is an open door here.
A centaur zombie comes into view.
Unknown command.
Casting: Foxfire (safe; 1% risk of failure)
Confirm with . or Enter, or press ? or * to list all spells.
Aiming: Inner Flame (dangerous; 4% risk of failure)
Press: ? - help, Dir - move target, f - yak
Aim: a yak (chance to affect: 81%)
The yak is filled with an inner flame.
Casting: Inner Flame (dangerous; 4% risk of failure)
Confirm with . or Enter, or press ? or * to list all spells.
You conjure some foxfire!
The yak gores you!
You die...

**,********,* #.......###
*,,,,* *,**,* #....<....#
*,,*,***,**,** #...(...#.#
*,,,,,,,,*,,,*##...##..#,*
*,**,,,,,,,,,,#8...8##.#,*
,,,,,*****,,,*##...##*.#,*
*,**** **,** #...# *.#,** <,*
*,* ##vv.##*,#,,* #** *,*
#8@..8#,,**,* #
###*####Y..##****** #
###8###8##Y..##8###8*** ###
#......Y...........,,,* #.##
#.....Y....⌠.......,,,*
...####..................,,,***
......'.#8###8##...##8###8*,,,*
...####.###*####...#*##******,*
#.## ##..,,,,*8...8#,,**,* *,*


You could see 2 yaks.

Vanquished Creatures
  Grinder (D:5)
  A yak (D:6)
  Edmund (D:4)
  Duvessa (D:4)
  A black bear (D:4)
  A necrophage (D:5)
  3 ogres
  A centaur (D:4)
  A kobold brigand (Sewer)
  Dowan (D:4)
  A bullfrog zombie (D:5)
  A hound (D:5)
  2 centaur skeletons (D:4)
  3 iguanas
  3 orc wizards
  A hound zombie (D:5)
  2 hound skeletons
  6 adders
  5 river rats (Sewer)
  An ufetubus (D:6)
  An adder skeleton (D:4)
  4 worms
  12 orcs
  4 bats
  3 endoplasms
  2 giant cockroaches
  4 goblins
  4 hobgoblins
  2 jackals (D:5)
  2 quokkas (D:3)
  12 ball pythons
  6 frilled lizards
  21 kobolds
  20 rats
134 creatures vanquished.

Vanquished Creatures (others)
  459 foxfires
  21 fungi (D:5)
480 creatures vanquished.

Grand Total: 614 creatures vanquished

Notes
Turn   | Place    | Note
-------+----------+-------------------------------------------
     0 | D:1      | DoubleLucky the Deep Elf Fire Elementalist began the quest
                  | for the Orb.
     0 | D:1      | Reached XP level 1. HP: 10/10 MP: 6/6
   216 | D:1      | Found a faded altar of an unknown god.
   226 | D:1      | Got Plato's Catalogue of Stolen Souls
   699 | D:1      | Reached XP level 2. HP: 15/15 MP: 6/8
  1142 | D:2      | Noticed an ogre
  1182 | D:2      | Killed an ogre
  1183 | D:2      | Reached skill level 4 in Spellcasting
  1183 | D:2      | Reached XP level 3. HP: 19/19 MP: 1/11
  1183 | D:2      | Reached XP level 4. HP: 24/24 MP: 1/12
  1289 | D:2      | Learned a level 2 spell: Scorch
  1598 | D:3      | Found a burning altar of Makhleb.
  1598 | D:3      | Noticed a blizzard demon
  1602 | D:3      | Found a glowing drain.
  1615 | D:3      | Reached skill level 5 in Spellcasting
  1705 | Sewer    | Entered a sewer
  1773 | Sewer    | Reached XP level 5. HP: 28/28 MP: 11/14
  1929 | Sewer    | Reached skill level 5 in Fire Magic
  2033 | Sewer    | Reached skill level 6 in Spellcasting
  2183 | Sewer    | Reached XP level 6. HP: 32/32 MP: 9/17
  2828 | Sewer    | Learned a level 3 spell: Inner Flame
  2833 | Sewer    | Learned a level 4 spell: Flame Wave
  3479 | D:4      | Noticed Duvessa
  3479 | D:4      | Noticed Dowan
  3491 | D:4      | Killed Duvessa
  3969 | D:4      | Killed Dowan
  4103 | D:4      | Reached skill level 7 in Spellcasting
  4103 | D:4      | Reached XP level 7. HP: 36/36 MP: 16/19
  4481 | D:4      | Identified the +2 robe "Viell" {rPois rF- rC+ Dex+4}
  4578 | D:4      | Found a white marble altar of Elyvilon.
  4590 | D:4      | Reached skill level 1 in Fighting
  4610 | D:4      | Noticed Edmund
  4632 | D:4      | Killed Edmund
  4953 | D:5      | Entered Level 5 of the Dungeon
  5252 | D:5      | Noticed a steam dragon
  5340 | D:5      | Reached XP level 8. HP: 44/44 MP: 16/21
  5510 | D:5      | Reached skill level 8 in Spellcasting
  5618 | D:5      | Found an ornate altar of the Wu Jian Council.
  5679 | D:5      | Found a runed translucent gate.
  5679 | D:5      | Found a runed translucent gate.
  5680 | D:5      | Found a runed translucent gate.
  5680 | D:5      | Noticed ChaosChampion's ghost (amateur OpTm)
  5713 | D:5      | Noticed Grinder
  5727 | D:5      | Paralysed by Grinder for 2 turns
  5732 | D:5      | Paralysed by Grinder for 6 turns
  5751 | D:5      | Killed Grinder
  5752 | D:5      | Reached skill level 5 in Conjurations
  6075 | D:6      | Reached skill level 9 in Spellcasting
  6118 | D:6      | Mangled by a yak

Illustrated notes

Levels and vault maps discovered:
D:1:      dpeg_arrival_line_fractal, layout_basic,
          shapermc_ecumenical_altar_rom_forum
D:2:      layout_rooms, nicolae_underground_beach
D:3:      layout_basic, makhleb_altar_promises_db, cheibrodos_sewer_entry_drain
D:4:      layout_gridville, lemuel_crystal_altar, hangedman_feature_mirror,
          uniq_edmund, uniq_duvessa
D:5:      kennysheep_steamy, layout_loops_ring, lemuel_tele_altar,
          biasface_ghost_orc_armoury, kennysheep_generic_room_6, uniq_eustachio,
          uniq_blork_the_orc, uniq_grinder
D:6:      layout_loops_corners, xom_confusion_cloud, kennysheep_vampire_church,
          serial_shops, nicolae_shop_temple_entry_statues_fountains,
          kennysheep_little_box, shop, gammafunk_ghost_cemetery,
          nicolae_ossuary_entry_plus, corexii_hall_statues_x

Skill      XL: |  1  2  3  4  5  6  7  8 |
---------------+-------------------------+-----
Spellcasting   | 4 5 6 7 9 |  9.0
Conjurations   | 2 3 4 5 |  5.5
Fire Magic     | 4 5 6 7 |  7.8
Fighting       | 1 3 |  3.1
Dodging        | |  2.4
Stealth        | |  2.4

Action                   |  1- 3 |  4- 6 |  7- 9 || total
-------------------------+-------+-------+-------++-------
Melee: Dagger            |    10 |     4 |    20 ||    34
 Cast: Foxfire           |    29 |   120 |   134 ||   283
       Scorch            |       |    20 |    24 ||    44
       Inner Flame       |       |       |     1 ||     1
  Use: Scroll            |       |     6 |     1 ||     7
       Potion            |       |     1 |       ||     1
 Stab: Sleeping          |       |     1 |       ||     1
Armor: Robe              |     5 |     2 |    12 ||    19
Dodge: Dodged            |    13 |    16 |    25 ||    54

Table legend: (Time is in decaauts)
 A = Elapsed time spent in this place.
 B = Non-inter-level travel time spent in this place.
 C = Inter-level travel time spent in this place.
 D = Time resting spent in this place.
 E = Time spent auto-exploring this place.
 F = Levels seen in this place.
 G = Mean time per level.
                   A        B        C        D        E       F      G
               +--------+--------+--------+--------+--------+-----+--------+
         Total |   6135 |   5793 |    342 |    891 |   3488 |   7 |  876.4 |
       Dungeon |   4995 |   4653 |    342 |    671 |   2899 |   6 |  832.5 |
         Sewer |   1140 |   1140 |      0 |    220 |    588 |   1 | 1140.0 |
               +--------+--------+--------+--------+--------+-----+--------+

Top non-repeatable levels by time:
     D:3: 1346 daAuts
   Sewer: 1140 daAuts
     D:4: 1120 daAuts
     D:5: 860 daAuts
     D:1: 843 daAuts
     D:2: 658 daAuts
     D:6: 165 daAuts
